[Event "Early-Titled-Tuesday-Blitz-January-23-2024"]
[Site "Chess.com"]
[Date "2024.01.23"]
[Round "5"]
[White "ama18"]
[Black "Zurability"]
[Result "0-1"]
[WhiteElo "2519"]
[BlackElo "2744"]
[TimeControl "180+1"]
[EndTime "8:58:15 PST"]
[Termination "Zurability won on time"]

1. Nf3 d5 2. g3 Nf6 3. Bg2 c6 4. O-O Bf5 5. b3 Nbd7 6. Bb2 h6 7. d4 e6 8. c4 Bd6 9. Nc3 O-O 10.
Re1 Qe7 11. Nd2 Ba3 12. Qc1 Bxb2 13. Qxb2 Rfd8 14. Rad1 Rac8 15. e4 dxe4 16. Ndxe4 Nxe4 17. Nxe4 Bxe4 18. Bxe4 Nf6 19. Bf3 Qb4 20. Kg2 Rd7 21. a3 Qb6 22. Qc3 Rcd8 23. c5 Qc7 24. b4 Nd5 25.
Qc4 Re8 26. a4 Qd8 27. b5 Qf6 28. bxc6 bxc6 29. Qa6 Nb4 30. Qa5 Rb8 31. Rb1 Qd8 32. Qxd8+ Rdxd8 33. Red1 a5 34. Kf1 Kf8 35. Ke2 Ke7 36.
Rd2 Kd7 37. Rdb2 Kc7 38. Rd2 Rd7 39. Rbb2 Rbd8 40. Ke3 f6 41. Be4 Rb8 42. h4 Rdd8 43. g4 Na6 44. f4 Rb4 45. Rxb4 axb4 46. Rb2 Rb8 47. Bd3 Ra8 48. Bxa6 Rxa6 49. Rxb4 Ra7 50. Kd3 Ra8 51. Kc3 Rd8 52. a5 Ra8 53. Ra4 Kb7 54. Kb4 Ka6 55. Ra2 Rb8+ 56. Kc4 Rb1 57. Re2 Rc1+ 58. Kd3 Rd1+ 59. Kc3 Rc1+ 60. Kd2 Rf1 61. Ke3 Kxa5 62. Rb2 Rg1 63. Kf3 Rf1+ 64. Ke3 Rh1 65. Rb6 Rxh4 66. Rxc6 Rxg4 67. Rxe6 Kb5 68. Re7 Kc6 69.
Ke4 Rg1 70. Re6+ Kd7 71. Ra6 h5 72. d5 h4 73. Ra7+ Kc8 74. d6 h3 75. Ra2 Rg2 76. Ra1 h2 77. Rh1 Rd2 78. Ke3 Rc2 79.
Kd4 Kd7 80. Kd5 Rd2+ 81. Kc4 Kc6 82. f5 Rf2 83. Kd4 Rxf5 84. Rxh2 Rd5+ 85. Ke4 Rxc5 86. Rh7 Re5+ 87. Kf4 Rg5 88. d7 Kxd7 89. Rh8 Ke6 90. Re8+ Kf7 91. Ra8 Re5 92. Ra7+ Re7 93. Ra1 g5+ 94. Kf3 Kg6 95. Ra5 Re5 96. Ra8 Rf5+ 97. Kg3 Rf4 98. Ra5 Rb4 99. Rc5 Rb3+ 100. Kg2 f5 101.
Rc8 Kh5 102. Rc4 f4 103. Rc5 Kg4 104. Kf2 Rb2+ 105. Kg1 f3 106. Rd5 Kf4 107. Ra5 g4 108. Rc5 Kg3 109. Rc1 Rg2+ 110. Kh1 Rh2+ 111. Kg1 f2+ 0-1

[Event "Early-Titled-Tuesday-Blitz-January-23-2024"]
[Site "Chess.com"]
[Date "2024.01.23"]
[Round "5"]
[White "Sanan_Sjugirov"]
[Black "LevonAronian"]
[Result "1-0"]
[WhiteElo "3017"]
[BlackElo "3109"]
[TimeControl "180+1"]
[EndTime "8:58:28 PST"]
[Termination "Sanan_Sjugirov won by resignation"]

1. Nf3 d5 2. g3 g6 3. Bg2 Bg7 4.
O-O e5 5. d3 Ne7 6. c4 O-O 7.
cxd5 Nxd5 8. Bg5 Ne7 9. Nc3 h6 10. Bd2 Nbc6 11. Rb1 a5 12. a3 Nd4 13. b4 axb4 14.
axb4 Be6 15. b5 b6 16. Re1 Kh7 17. h4 Ra7 18. Qc1 Qd7 19. h5 g5 20. Ne4 f5 21. Nexg5+ hxg5 22. Nxg5+ Kh8 23. Bc3 Bd5 24. e3 Bxg2 25. Kxg2 Nxb5 26. h6 Bf6 27. Nf3 Nxc3 28. Qxc3 Ra5 29. Qc4 Rc5 30. Qa2 Qxd3 31. Rbd1 Qe4 32.
Qe6 Rc6 33. Qd7 Qc4 34. Rc1 Qe6 35. Qd2 Rxc1 36. Rxc1 c5 37. Rd1 e4 38. Ng1 Ng8 39. Nh3 Rd8 40. Qe2 Rxd1 41. Qxd1 Nxh6 42. Nf4 Qf7 43.
Qd6 c4 44. Qxb6 c3 45. Qc6 Kh7 46. Nd5 Bg7 47. Nxc3 Bxc3 48. Qxc3 Ng4 49. Qc5 Kg6 50. Qd6+ Qf6 51. Qb8 Kg7 52. Qc7+ Qf7 53. Qc3+ Kh7 54. Qc5 Nh6 55. Qe5 Qh5 56. Qe7+ Nf7 57. Qd7 Kg7 58. Qc7 Qf3+ 59. Kg1 Qd1+ 60. Kg2 Qd6 61. Qb7 Kg6 62. Qa7 Ng5 63. Qa8 Qf6 64. Qg8+ Kh6 65. Qe8 Nf3 66. Qc8 Ne1+ 67. Kg1 Nd3 68. Kg2 Ne5 69.
Kg1 Ng4 70. Kg2 Kg5 71. Qg8+ Kh6 72. Qc8 Ne5 73. Qg8 Ng6 74. Qc8 Kg5 75. Qc2 Qe6 76.
Qc7 Ne7 77. Qf4+ Kg6 78. Qc7 Kf6 79. Qd8 Kf7 80. Qc7 Qd5 81. Qf4 Ke6 82. Qh6+ Kd7 83. Qg7 Qe6 84. Qg5 Kc6 85. Qg7 Nd5 86. Qd4 Kb5 87.
Qb2+ Nb4 88. Qe2+ Nd3 89. Qc2 Qc4 90. Qd2 Qb4 91. Qa2 Ne1+ 92. Kf1 Nd3 93. Kg2 Qb2 94. Qd5+ Kb4 95. Qxf5 Nc5 96. Qf8 Kc4 97. Qf7+ Kd3 98. Qd5+ Ke2 99. Qxc5 Ke1 100. Qa5+ Ke2 101. Qa4 Ke1 102. Qa5+ Ke2 103. Qf5 Ke1 104. g4 Qe2 105. g5 Qf1+ 106. Kg3 Qg1+ 107. Kf4 Qxf2+ 108. Kxe4 Qc2+ 109. Kf4 Qf2+ 110. Kg4 Qe2+ 111. Qf3 Qc4+ 112. Qf4 Qe6+ 113. Kg3 Qg6 114. e4 Qb6 115. e5 Qg1+ 116. Kh4 Qh1+ 117. Kg4 Qg2+ 118. Qg3+ 1-0

[Event "Early-Titled-Tuesday-Blitz-January-23-2024"]
[Site "Chess.com"]
[Date "2024.01.23"]
[Round "5"]
[White "HeroWilczek"]
[Black "annasargsyan_m"]
[Result "1-0"]
[WhiteElo "2448"]
[BlackElo "2551"]
[TimeControl "180+1"]
[EndTime "8:58:41 PST"]
[Termination "HeroWilczek won on time"]

1. e4 c6 2. d4 d5 3. Nc3 dxe4 4. Nxe4 Nd7 5. Nf3 Ngf6 6. Nxf6+ Nxf6 7. Bd3 Bg4 8. c3 e6 9. h3 Bh5 10. Bf4 Bd6 11.
Bxd6 Qxd6 12. O-O O-O 13. Re1 Rad8 14. Be2 Bg6 15. Ne5 Nd5 16. Bf3 Nf6 17. Qb3 Qc7 18.
Rad1 Rd6 19. Qa3 a6 20. Qb4 Rfd8 21. a4 a5 22. Qb3 Bf5 23. Nc4 R6d7 24. Nb6 Re7 25.
Re5 Nd5 26. Nxd5 cxd5 27. Rde1 Red7 28. Qb5 h6 29. h4 Rd6 30. Qe2 Rb6 31. g4 Bg6 32. h5 Be4 33. Bxe4 dxe4 34. Rxe4 Qc6 35. Qc2 Rd5 36. Re5 Rxd4 37. Qe2 Rxa4 38. Rd1 Qc7 39.
Re3 Rd6 40. Red3 Rxd3 41. Rxd3 Qf4 42. f3 Qg3+ 43. Kh1 Qh4+ 44. Kg2 Rc4 45. Qd2 Rc8 46. Rd7 b5 47. Qe2 Qg5 48. Qd2 a4 49. Qxg5 hxg5 50.
Rb7 Rc5 51. Kf2 f6 52. Ke3 a3 53. bxa3 Rxc3+ 54. Kf2 Rxa3 55. Rxb5 Ra6 56. Rb7 Kh7 57.
Kg2 Kh6 58. Rb8 Kh7 59. Rb7 e5 60. Kg3 Ra3 61. Kg2 Ra4 62. Kg3 Ra8 63. Kg2 Kg8 64.
Kg3 Re8 65. Rc7 Kf8 66. Rd7 Re7 67. Rd8+ Kf7 68. Rb8 Rd7 69. Rc8 Ke6 70. Re8+ Kd5 71. Ra8 Rc7 72. Kf2 Ke6 73. Ra6+ Ke7 74. Ke3 Kf7 75. Ra8 Rd7 76. Ke2 Ke6 77. Ke3 Kf7 78. Ra6 Re7 79. Rb6 Kg8 80. Rc6 Kh7 81. Rd6 Ra7 82. Rc6 Rf7 83. Ke2 g6 84. hxg6+ Kxg6 85. Ke3 Rh7 86. Ke4 Rh2 87. Rc8 Re2+ 88. Kd3 Re1 89. Rg8+ Kf7 90. Ra8 Rd1+ 91. Ke2 Rd4 92. Ra7+ Ke6 93. Ra6+ Rd6 94. Ra8 Kd5 95. Ra5+ Ke6 96. Ra8 Rc6 97. Rb8 Kd5 98. Rd8+ Kc4 99.
Ke3 Kc5 100. Ke4 Ra6 101. Kf5 Kc4 102. Rf8 Kd4 103. Rxf6 Ra3 104. Kxg5 Re3 105. Rf5 Re1 106. Rf8 Rg1 107. Kh5 Ke3 108. g5 Rg3 109. g6 Rh3+ 110. Kg5 Rg3+ 111. Kh6 e4 112. fxe4 Kxe4 113. Kg7 Ke5 114. Rf1 Ke6 115. Kh7 Rh3+ 116. Kg8 Rg3 117. g7 Ke7 118. Rf4 Ke6 119. Kh7 Rh3+ 120. Kg6 Rg3+ 121. Kh7 Ke7 122. Kg8 Rg1 123. Re4+ Kf6 124. Rf4+ Ke7 125. Rf3 Rg2 126. Re3+ Kf6 127. Kf8 1-0

[Event "Early-Titled-Tuesday-Blitz-January-23-2024"]
[Site "Chess.com"]
[Date "2024.01.23"]
[Round "6"]
[White "Meri-Arabidze"]
[Black "Perecke"]
[Result "1-0"]
[WhiteElo "2717"]
[BlackElo "2542"]
[TimeControl "180+1"]
[EndTime "9:01:43 PST"]
[Termination "Meri-Arabidze won by resignation"]

1. Nf3 d5 2. b3 c5 3. e3 Nc6 4. Bb5 Bd7 5. Bb2 Nf6 6. O-O e6 7. d3 Bd6 8. Bxc6 Bxc6 9. Ne5 O-O 10. Nd2 Nd7 11. Nxc6 bxc6 12. f4 e5 13. f5 d4 14.
e4 Be7 15. Bc1 Bg5 16. Nf3 Bxc1 17. Qxc1 f6 18. Kh1 a5 19. a4 g6 20. fxg6 hxg6 21.
Qh6 g5 22. Nh4 gxh4 23. Qg6+ Kh8 24. Rf5 1-0

[Event "Early-Titled-Tuesday-Blitz-January-23-2024"]
[Site "Chess.com"]
[Date "2024.01.23"]
[Round "6"]
[White "lefonghua"]
[Black "Predo63"]
[Result "1-0"]
[WhiteElo "2622"]
[BlackElo "2478"]
[TimeControl "180+1"]
[EndTime "9:01:51 PST"]
[Termination "lefonghua won by resignation"]

1. d4 d5 2. c4 c6 3. Nf3 Nf6 4.
Nc3 Bf5 5. cxd5 Nxd5 6. g3 e6 7.
Bg2 Nxc3 8. bxc3 Be4 9. O-O Be7 10. Nd2 Bxg2 11. Kxg2 O-O 12. Nf3 Nd7 13. Rb1 b5 14. e4 Nb6 15. Qe2 Rc8 16. h4 Bf6 17. Ba3 Be7 18. Bxe7 Qxe7 19. e5 Nd5 20. Rbc1 a6 21. Ng5 h6 22. Ne4 Rfd8 23. Nd6 Rxd6 24. exd6 Qxd6 25. c4 Nf6 26. Qe5 Qd7 27. Rc2 b4 28.
Rb1 Rb8 29. Rcb2 Rc8 30. Rxb4 Ng4 31. Qf4 Nf6 32. Rb8 Kh7 33. R1b7 1-0

[Event "Early-Titled-Tuesday-Blitz-January-23-2024"]
[Site "Chess.com"]
[Date "2024.01.23"]
[Round "6"]
[White "Laico"]
[Black "The_Straightforward_Rook"]
[Result "1-0"]
[WhiteElo "2354"]
[BlackElo "2504"]
[TimeControl "180+1"]
[EndTime "9:02:09 PST"]
[Termination "Laico won by resignation"]

1. e4 c6 2. d4 d5 3. f3 Qb6 4.
Nc3 dxe4 5. fxe4 e5 6. Nf3 Bg4 7. Bc4 Nd7 8. Bxf7+ Kxf7 9. Ng5+ Ke8 10. Qxg4 Be7 11.
Qe6 Nh6 12. d5 cxd5 13. Nxd5 Qxe6 14. Nc7+ Kd8 15. Ngxe6+ Kc8 16. Nxa8 Bd6 17. Bxh6 gxh6 18. O-O-O 1-0

[Event "Early-Titled-Tuesday-Blitz-January-23-2024"]
[Site "Chess.com"]
[Date "2024.01.23"]
[Round "6"]
[White "SulfatoFerroso"]
[Black "Schachmalanders"]
[Result "1-0"]
[WhiteElo "2070"]
[BlackElo "2440"]
[TimeControl "180+1"]
[EndTime "9:02:21 PST"]
[Termination "SulfatoFerroso won by resignation"]

1. e4 c5 2. Nf3 e6 3. d4 cxd4 4. Nxd4 Nf6 5. Nc3 Nc6 6. Nxc6 bxc6 7. e5 Nd5 8. Ne4 Qc7 9. f4 Qb6 10. c4 Bb4+ 11. Ke2 Ba6 12. Kf3 Ne7 13. a3 Bc5 14.
b4 Bd4 15. c5 Bxc5 16. bxc5 Qa5 17. Bd2 1-0

[Event "Early-Titled-Tuesday-Blitz-January-23-2024"]
[Site "Chess.com"]
[Date "2024.01.23"]
[Round "6"]
[White "Mihajlovskij"]
[Black "ExchangeAB"]
[Result "1-0"]
[WhiteElo "2238"]
[BlackElo "2424"]
[TimeControl "180+1"]
[EndTime "9:02:23 PST"]
[Termination "Mihajlovskij won by checkmate"]

1. e4 c6 2. d4 d5 3. e5 Bf5 4. Nc3 e6 5. g4 Bg6 6. Nge2 Nd7 7.
h4 h5 8. Nf4 Ne7 9. gxh5 Bf5 10. Be3 Qa5 11. Qd2 a6 12. Be2 c5 13. a3 cxd4 14.
Bxd4 Nc6 15. Kf1 Nxd4 16. Qxd4 Bc5 17. Qd2 Qc7 18. b4 Ba7 19. Re1 Rc8 20. Ncxd5 exd5 21. Nxd5 Qxc2 22. Qg5 Qe4 23. Qe7# 1-0

[Event "Early-Titled-Tuesday-Blitz-January-23-2024"]
[Site "Chess.com"]
[Date "2024.01.23"]
[Round "6"]
[White "Rodalquilar"]
[Black "secretsuperstar7"]
[Result "1-0"]
[WhiteElo "2724"]
[BlackElo "2508"]
[TimeControl "180+1"]
[EndTime "9:02:26 PST"]
[Termination "Rodalquilar won by resignation"]

1. d4 Nf6 2. Nf3 d5 3. Bf4 e6 4. e3 c5 5. Nbd2 Nc6 6. c3 Bd6 7. Bg3 O-O 8. Bb5 Bd7 9. Bxd6 Re8 10. dxc5 e5 11. Bxc6 Bxc6 12. Nxe5 Re6 13. Nxc6 bxc6 14. O-O Ne4 15. Nxe4 Rxe4 16. Qb3 Qd7 17. a4 h5 18. h3 g5 19. a5 g4 20. h4 Qd8 21.
Bg3 Qe7 22. a6 Qxc5 23. Qb7 Ree8 24. Ra4 Rad8 25. Qb4 Qb5 26. Qxb5 cxb5 27. Rb4 Re6 28. Ra1 Rb6 29. Bc7 1-0

[Event "Early-Titled-Tuesday-Blitz-January-23-2024"]
[Site "Chess.com"]
[Date "2024.01.23"]
[Round "6"]
[White "Nellichka"]
[Black "LeoWin2012"]
[Result "0-1"]
[WhiteElo "1933"]
[BlackElo "2196"]
[TimeControl "180+1"]
[EndTime "9:02:28 PST"]
[Termination "LeoWin2012 won by resignation"]

1. d4 Nf6 2. c4 e6 3. Nc3 d5 4. cxd5 exd5 5. Bg5 c6 6. e3 Be7 7.
Bd3 O-O 8. Qc2 h6 9. h4 a5 10. f3 Na6 11. a3 Nc7 12. g4 b5 13.
Bxf6 Bxf6 14. g5 Be7 15. gxh6 gxh6 16. Nge2 f5 17. O-O-O b4 18. Na4 bxa3 19. Qxc6 axb2+ 20. Nxb2 Rf6 21. Qxa8 Nxa8 0-1

[Event "Early-Titled-Tuesday-Blitz-January-23-2024"]
[Site "Chess.com"]
[Date "2024.01.23"]
[Round "6"]
[White "bubeliang"]
[Black "Casper"]
[Result "1-0"]
[WhiteElo "2799"]
[BlackElo "2569"]
[TimeControl "180+1"]
[EndTime "9:02:29 PST"]
[Termination "bubeliang won by resignation"]

1. e4 c6 2. d4 d5 3. Nd2 dxe4 4. Nxe4 Nf6 5. Nxf6+ exf6 6. c3 Bd6 7. Bd3 O-O 8. Qc2 Re8+ 9. Ne2 h5 10. O-O h4 11.
Bf4 h3 12. Bxd6 Qxd6 13. Ng3 Qd5 14. Be4 Qg5 15. Rfe1 Be6 16. Bf5 hxg2 17. Bxe6 fxe6 18. Qb3 Nd7 19. Rxe6 Kh7 20. Rxe8 Rxe8 21. Qf7 1-0

[Event "Early-Titled-Tuesday-Blitz-January-23-2024"]
[Site "Chess.com"]
[Date "2024.01.23"]
[Round "6"]
[White "Arystanner"]
[Black "Sina_Movahed"]
[Result "0-1"]
[WhiteElo "2782"]
[BlackElo "2974"]
[TimeControl "180+1"]
[EndTime "9:02:32 PST"]
[Termination "Sina_Movahed won by resignation"]

1. e4 c5 2. Nf3 d6 3. Bb5+ Bd7 4. Bxd7+ Qxd7 5. O-O Nc6 6. c3 Nf6 7. Re1 e6 8. d4 cxd4 9. cxd4 d5 10. e5 Ne4 11.
Nbd2 Nxd2 12. Bxd2 Be7 13. h4 O-O 14. h5 h6 15. Rc1 Rac8 16. Rc3 f5 17. exf6 Rxf6 18.
a3 Bd6 19. Qe2 Qf7 20. Re3 Re8 21. Bb4 Bf4 22. Ne5 Bxe5 23. dxe5 Rf5 24. g4 Rf4 25.
Kg2 Nd4 26. Qd1 Rxf2+ 27. Kg3 Qf4+ 0-1

[Event "Early-Titled-Tuesday-Blitz-January-23-2024"]
[Site "Chess.com"]
[Date "2024.01.23"]
[Round "6"]
[White "1982lf"]
[Black "bangchess21"]
[Result "0-1"]
[WhiteElo "2939"]
[BlackElo "2790"]
[TimeControl "180+1"]
[EndTime "9:02:35 PST"]
[Termination "bangchess21 won by resignation"]

1. c4 e6 2. Nc3 b6 3. d4 Bb7 4.
a3 Nf6 5. Qc2 d5 6. cxd5 Nxd5 7.
Bd2 c5 8. dxc5 Bxc5 9. e4 Nf6 10. Nf3 O-O 11. Bd3 Nbd7 12. e5 Nxe5 13. Nxe5 Qd4 14. f4 Qf2+ 15. Kd1 Bxg2 16. Re1 Rad8 17. Rf1 Bxf1 0-1

[Event "Early-Titled-Tuesday-Blitz-January-23-2024"]
[Site "Chess.com"]
[Date "2024.01.23"]
[Round "6"]
[White "JonasEilenberg"]
[Black "Sargsyan_Shant"]
[Result "0-1"]
[WhiteElo "2570"]
[BlackElo "2905"]
[TimeControl "180+1"]
[EndTime "9:02:41 PST"]
[Termination "Sargsyan_Shant won by resignation"]

1. d4 g6 2. e4 Nf6 3. Nf3 Nxe4 4. Bd3 d5 5. O-O Bg7 6. Re1 Nf6 7. c3 O-O 8. h3 Nbd7 9. Bf4 c5 10.
Nbd2 cxd4 11. Nxd4 e5 12. Bxe5 Nxe5 13. Rxe5 Ne4 14.
Rxe4 dxe4 15. Nxe4 Bxd4 16. cxd4 Qxd4 17. Qf3 Bf5 18.
Rd1 Bxe4 19. Bxe4 Qxb2 20. Bxb7 Rad8 21. Bd5 Rd7 22. h4 h5 23. g3 Kg7 24. Re1 Qf6 25. Qxf6+ Kxf6 26. Bb3 Rfd8 27. Rc1 Re7 28. Rc6+ Kg7 29.
Rc2 Rd6 30. Kg2 Red7 31. Rc3 Rd2 32. Rf3 f5 33. Rf4 R7d4 34. Rxd4 Rxd4 35. Kf3 Kf6 36.
Kg2 a5 37. Kf3 g5 38. hxg5+ Kxg5 39. Kg2 f4 40. Kf3 a4 41. Be6 fxg3 42. fxg3 Rd3+ 43. Kg2 a3 44. Bc4 Rc3 45. Bd5 Re3 46. Bc4 Kg4 0-1

[Event "Early-Titled-Tuesday-Blitz-January-23-2024"]
[Site "Chess.com"]
[Date "2024.01.23"]
[Round "6"]
[White "UK_23"]
[Black "fks_stal_mielec"]
[Result "1-0"]
[WhiteElo "2376"]
[BlackElo "2238"]
[TimeControl "180+1"]
[EndTime "9:02:42 PST"]
[Termination "UK_23 won by checkmate"]

1. e4 c5 2. Nf3 Nc6 3. Bb5 g6 4. Nc3 Bg7 5. O-O a6 6. Bxc6 bxc6 7. e5 Qc7 8. Re1 Bb7 9. d3 O-O-O 10. Bf4 d6 11.
Bg3 Qd7 12. Na4 Qf5 13. Qd2 Kb8 14. Qa5 Qc8 15. Rab1 Ka8 16. Nb6+ Kb8 17. Nxc8 Kxc8 18. b4 c4 19. dxc4 dxe5 20. Nxe5 Nh6 21. b5 axb5 22. cxb5 c5 23. Nc6 Rd7 24. Na7# 1-0

[Event "Early-Titled-Tuesday-Blitz-January-23-2024"]
[Site "Chess.com"]
[Date "2024.01.23"]
[Round "6"]
[White "FMCASTE"]
[Black "isaak2009"]
[Result "0-1"]
[WhiteElo "2491"]
[BlackElo "2654"]
[TimeControl "180+1"]
[EndTime "9:03:05 PST"]
[Termination "isaak2009 won by resignation"]

1. Nf3 d5 2. b3 Nf6 3. Bb2 Bg4 4. e3 Nbd7 5. h3 Bxf3 6. Qxf3 e5 7. d3 c6 8. Nd2 Bd6 9. g4 h6 10. Rg1 Qe7 11. a4 O-O-O 12. a5 a6 13. Bg2 Rhe8 14. Ra4 Nc5 15. Ra2 Kb8 16. h4 e4 17.
dxe4 dxe4 18. Qe2 Be5 19. Nc4 Bxb2 20. Rxb2 Nd5 21. Qd2 Qf6 22. Qd4 Nc3 23. b4 Rxd4 24. exd4 Qxd4 25. Ne3 Rd8 0-1

[Event "Early-Titled-Tuesday-Blitz-January-23-2024"]
[Site "Chess.com"]
[Date "2024.01.23"]
[Round "6"]
[White "Kamilek84"]
[Black "AsselLesbekova"]
[Result "1-0"]
[WhiteElo "2685"]
[BlackElo "2283"]
[TimeControl "180+1"]
[EndTime "9:03:06 PST"]
[Termination "Kamilek84 won by resignation"]

1. d4 d5 2. c4 e6 3. Nc3 a6 4. e3 dxc4 5. Bxc4 b5 6. Bb3 Bb7 7.
Nf3 c5 8. O-O Nf6 9. e4 cxd4 10.
Nxd4 Nxe4 11. Nxe4 Bxe4 12. Re1 Bd5 13. Nxe6 Bxe6 14. Qh5 Nc6 15. Rxe6+ Kd7 16. Qd5+ Kc7 17. Rxc6+ 1-0

[Event "Early-Titled-Tuesday-Blitz-January-23-2024"]
[Site "Chess.com"]
[Date "2024.01.23"]
[Round "6"]
[White "Elsa167"]
[Black "GianmarcoVaR"]
[Result "1-0"]
[WhiteElo "2918"]
[BlackElo "2753"]
[TimeControl "180+1"]
[EndTime "9:03:11 PST"]
[Termination "Elsa167 won by resignation"]

1. d4 Nf6 2. c4 e6 3. Nf3 d5 4.
Nc3 a6 5. cxd5 exd5 6. Bg5 Be6 7. Bxf6 Qxf6 8. Qb3 Ra7 9. g3 Bd6 10. h4 Nd7 11. Bh3 c6 12. Bxe6 fxe6 13. O-O O-O 14. Kg2 c5 15. dxc5 Nxc5 16. Qb6 Qd8 17. Qxa7 1-0

[Event "Early-Titled-Tuesday-Blitz-January-23-2024"]
[Site "Chess.com"]
[Date "2024.01.23"]
[Round "6"]
[White "1mbl4"]
[Black "samirliberec"]
[Result "1-0"]
[WhiteElo "2580"]
[BlackElo "2362"]
[TimeControl "180+1"]
[EndTime "9:03:11 PST"]
[Termination "1mbl4 won by resignation"]

1. c4 c5 2. Nc3 Nc6 3. Nf3 g6 4. d4 cxd4 5. Nxd4 Bg7 6. Nc2 Nh6 7. g3 O-O 8. Bg2 d6 9. O-O Nf5 10. e4 Nfd4 11. Nxd4 Nxd4 12. Be3 Nc6 13. Rc1 Be6 14.
b3 Qa5 15. Qd2 Qh5 16. f3 Rac8 17. Nd5 Rfe8 18. Rc2 b6 19. g4 Qh4 20. Bg5 Bd4+ 21.
Kh1 1-0

[Event "Early-Titled-Tuesday-Blitz-January-23-2024"]
[Site "Chess.com"]
[Date "2024.01.23"]
[Round "6"]
[White "annasargsyan_m"]
[Black "Kopytkin"]
[Result "0-1"]
[WhiteElo "2540"]
[BlackElo "2411"]
[TimeControl "180+1"]
[EndTime "9:03:12 PST"]
[Termination "Kopytkin won by resignation"]

1. d4 d5 2. c4 Bf5 3. Nc3 e6 4. cxd5 exd5 5. Qb3 Nc6 6. Be3 Na5 7. Qxd5 Qxd5 8. Nxd5 O-O-O 9. Nc3 Nf6 10. Nf3 Nc4 11. Bc1 Bb4 12. e3 Na3 13. bxa3 Bxc3+ 14. Bd2 Bxa1 15.
Bc4 c5 16. dxc5 Ne4 17. Ke2 Nc3+ 18. Bxc3 Bxc3 19. h3 Rd7 0-1

[Event "Early-Titled-Tuesday-Blitz-January-23-2024"]
[Site "Chess.com"]
[Date "2024.01.23"]
[Round "6"]
[White "VinzentSpitzl"]
[Black "Pliukha_Mikhail"]
[Result "0-1"]
[WhiteElo "2523"]
[BlackElo "2740"]
[TimeControl "180+1"]
[EndTime "9:03:13 PST"]
[Termination "Pliukha_Mikhail won by resignation"]

1. e4 d5 2. exd5 Qxd5 3. Nf3 Bg4 4.
Be2 Bxf3 5. Bxf3 Qe5+ 6. Qe2 Qxe2+ 7. Bxe2 Nc6 8. d3 O-O-O 9. Be3 g6 10. Nc3 Bg7 11.
O-O-O Nf6 12. h3 e5 13. Rhe1 Rhe8 14. Bf3 Nd4 15. Bxd4 exd4 16. Ne4 Nd7 17. Ng5 Bh6 18. h4 f6 19. Bg4 fxg5 20. h5 gxh5 21. Bxh5 Rxe1 22.
Rxe1 Nf6 23. Bf7 g4+ 24. Kd1 Rf8 25. Be6+ Kd8 26. Re5 c6 27. Bb3 Bf4 28. Rf5 Nd7 29. Rh5 h6 30. Be6 Bg5 31. Bxg4 Rxf2 32. Ke1 Rxc2 0-1

[Event "Early-Titled-Tuesday-Blitz-January-23-2024"]
[Site "Chess.com"]
[Date "2024.01.23"]
[Round "6"]
[White "rikchessmx"]
[Black "Ural_bogatyr"]
[Result "0-1"]
[WhiteElo "2371"]
[BlackElo "2530"]
[TimeControl "180+1"]
[EndTime "9:03:14 PST"]
[Termination "Ural_bogatyr won by resignation"]

1. e4 e5 2. Nf3 Nc6 3. Bb5 a6 4. Ba4 Nf6 5. O-O Nxe4 6. d4 b5 7. Bb3 d5 8. dxe5 Be6 9. c3 Bc5 10. Nbd2 O-O 11. Nxe4 dxe4 12. Qxd8 Raxd8 13. Bxe6 fxe6 14.
Ng5 Rxf2 15. Nxe4 Rxf1+ 16. Kxf1 Bb6 17. Ke2 Nxe5 18. h3 h6 19. a4 Nd3 20. axb5 axb5 21.
b4 e5 22. Be3 Nf4+ 23. Kf3 Rd3 24. Re1 Nd5 25. Nc5 Bxc5 26. bxc5 Rxc3 27. Ke4 Rxe3+ 28. Rxe3 Nxe3 29. Kxe3 Kf7 30. Ke4 Ke6 31. g4 g6 32.
h4 c6 33. h5 g5 34. Kd3 Kd5 35. Ke3 e4 36. Ke2 Kxc5 37. Ke3 Kd5 38. Ke2 Kd4 39. Kf2 b4 40. Ke2 c5 41. Kd2 c4 42. Kc2 e3 43.
Kb2 Kd3 44. Kc1 e2 0-1

[Event "Early-Titled-Tuesday-Blitz-January-23-2024"]
[Site "Chess.com"]
[Date "2024.01.23"]
[Round "6"]
[White "Francisco_Ferrari"]
[Black "RaugintaBulba"]
[Result "0-1"]
[WhiteElo "2193"]
[BlackElo "2448"]
[TimeControl "180+1"]
[EndTime "9:03:17 PST"]
[Termination "RaugintaBulba won by resignation"]

1. d4 Nf6 2. Nf3 c5 3. c3 g6 4.
g3 Bg7 5. Bg2 O-O 6. O-O cxd4 7.
cxd4 d5 8. Nc3 Nc6 9. Bg5 Ne4 10. Qb3 Nxg5 11. Nxg5 Nxd4 12. Qa4 e6 13. Rad1 Qxg5 14. Rxd4 Bxd4 15. Qxd4 Bd7 0-1

[Event "Early-Titled-Tuesday-Blitz-January-23-2024"]
[Site "Chess.com"]
[Date "2024.01.23"]
[Round "6"]
[White "TigrVShlyape"]
[Black "luckyswitchback"]
[Result "1-0"]
[WhiteElo "2937"]
[BlackElo "2707"]
[TimeControl "180+1"]
[EndTime "9:03:18 PST"]
[Termination "TigrVShlyape won by resignation"]

1. d4 Nf6 2. Bf4 c5 3. e3 Nd5 4. Bg3 Qb6 5. c4 Qxb2 6. cxd5 Qxa1 7. Qc2 Na6 8. a3 cxd4 9. Nf3 dxe3 10. Be5 exf2+ 11.
Kxf2 Qxe5 12. Nxe5 g6 13. Bxa6 bxa6 14. Re1 Bg7 15.
Nc6 O-O 16. Nxe7+ Kh8 17. d6 Bb7 18. Nd2 Bd4+ 19. Kg3 Rab8 20. Nb3 Bg7 21. Nc5 Bc8 22. h4 Rb6 23. Qd3 Rc6 24. Nxc6 1-0

[Event "Early-Titled-Tuesday-Blitz-January-23-2024"]
[Site "Chess.com"]
[Date "2024.01.23"]
[Round "6"]
[White "Kiborg95"]
[Black "suspiciumchess"]
[Result "0-1"]
[WhiteElo "2850"]
[BlackElo "2442"]
[TimeControl "180+1"]
[EndTime "9:03:24 PST"]
[Termination "suspiciumchess won by resignation"]

1. e4 c5 2. Nc3 Nc6 3. Nge2 g6 4. d4 cxd4 5. Nxd4 Bg7 6. Be3 d6 7. Bc4 Nf6 8. f3 O-O 9. Bb3 Bd7 10. h4 Na5 11. Qd2 Rc8 12. h5 Nc4 13. Bxc4 Rxc4 14. hxg6 fxg6 15. O-O-O Qa5 16. Nde2 Rfc8 17. Kb1 Rb4 18. b3 Qa3 19. Bh6 Bh8 20. Bg5 Be6 21. Bxf6 Bxf6 22. Qh6 Rxc3 23. Qxh7+ Kf8 0-1

[Event "Early-Titled-Tuesday-Blitz-January-23-2024"]
[Site "Chess.com"]
[Date "2024.01.23"]
[Round "6"]
[White "Boxerandchessplayer"]
[Black "Statham_01"]
[Result "0-1"]
[WhiteElo "2260"]
[BlackElo "2538"]
[TimeControl "180+1"]
[EndTime "9:03:24 PST"]
[Termination "Statham_01 won by resignation"]

1. d4 Nf6 2. c4 e5 3. dxe5 Ng4 4.
Nc3 Nc6 5. e3 Ngxe5 6. f4 Ng6 7.
Bd3 Bc5 8. a3 a5 9. Qh5 d6 10.
Nf3 Nce7 11. Bd2 Ng8 12. Ne4 Nf6 13. Nxf6+ Qxf6 14. O-O-O Bxa3 15. Bc3 Qxc3+ 0-1

[Event "Early-Titled-Tuesday-Blitz-January-23-2024"]
[Site "Chess.com"]
[Date "2024.01.23"]
[Round "6"]
[White "abhidabhi"]
[Black "GMAkobianSTL"]
[Result "1-0"]
[WhiteElo "2932"]
[BlackElo "2754"]
[TimeControl "180+1"]
[EndTime "9:03:27 PST"]
[Termination "abhidabhi won by resignation"]

1. e4 d6 2. d4 Nf6 3. Nc3 c6 4. Be3 Qb6 5. Bd3 Qxb2 6. Nge2 e5 7. a3 Bg4 8. Na4 Qxa1 9. Qxa1 Nbd7 10. f3 Be6 11. c4 exd4 12. Nxd4 Be7 13. O-O O-O 14. Rb1 Ne5 15. Rxb7 Nxd3 16. Rxe7 Bxc4 17. Nf5 d5 18. Nxg7 Kxg7 19. Bg5 1-0

[Event "Early-Titled-Tuesday-Blitz-January-23-2024"]
[Site "Chess.com"]
[Date "2024.01.23"]
[Round "6"]
[White "AttilaTurzo"]
[Black "mertfelin"]
[Result "1-0"]
[WhiteElo "2502"]
[BlackElo "2278"]
[TimeControl "180+1"]
[EndTime "9:03:35 PST"]
[Termination "AttilaTurzo won by resignation"]

1. d4 d5 2. Nf3 Nf6 3. Bf4 e6 4. e3 Bd6 5. Nbd2 Bxf4 6. exf4 O-O 7. Bd3 Qd6 8. g3 b6 9. Qe2 Bb7 10. c3 c5 11. O-O Nc6 12. a3 Rfe8 13. Rfe1 Rac8 14.
Rac1 cxd4 15. Nxd4 Nxd4 16. cxd4 Red8 17. Nf3 Rc7 18.
Qe5 Qxe5 19. fxe5 Rxc1 20. Rxc1 Ne8 21. Bb5 Nc7 22. Rxc7 1-0